 Dungeon Crawl Stone Soup version 0.21-a0-346-g330ab2c (webtiles) character file.

32 Amnesiac the Digger (level 3, -1/25 HPs)
             Began as a Gnoll Earth Elementalist on Oct 5, 2017.
             Shot with a stone by a goblin (5 damage)
             ... on level 3 of the Dungeon.
             The game lasted 00:01:22 (414 turns).

Amnesiac the Digger (Gnoll Earth Elementalist)       Turns: 414, Time: 00:01:23

Health: -1/25      AC:  2    Str: 10    XL:     3   Next: 25%
Magic:  6/9        EV: 14    Int: 18    God:
Gold:   64         SH:  0    Dex: 15    Spells: 9/12 levels left

rFire    . . .     SeeInvis .   a - +0 dagger
rCold    . . .     Gourm    .   (no shield)
rNeg     . . .     Faith    .   c - +0 robe
rPois    .         Spirit   .   (no helmet)
rElec    .         Reflect  .   (no cloak)
rCorr    .         Harm     .   (no gloves)
MR       .....                  (no boots)
Stlth    +++.......             (no amulet)
HPRegen  0.08/turn              (no ring)
MPRegen  0.11/turn              (no ring)

@: no status effects
A: distributed training, fangs 1, strong nose
a: no special abilities


You were on level 3 of the Dungeon.
You were not hungry.

You visited 1 branch of the dungeon, and saw 3 of its levels.

You collected 64 gold pieces.

Inventory:

Hand Weapons
 a - a +0 dagger (weapon)
Missiles
 b - 11 stones (quivered)
Armour
 c - a +0 robe (worn)
Jewellery
 i - a +4 ring of protection {unknown}
Scrolls
 g - a scroll of amnesia {!r, unknown}
 h - 4 scrolls of identify {!r, unknown}
 m - a scroll of magic mapping {!r, unknown}
 n - a scroll of immolation {!r, unknown}
Potions
 j - 2 potions of flight {!q, unknown}
 l - a potion of brilliance {!q, unknown}
Books
 e - a book of Geomancy

   Spells                             Type                      Level
   a - Sandblast                      Earth                        1
   b - Passwall                       Transmutation/Earth          2
   c - Stone Arrow                    Conjuration/Earth            3
   d - Petrify                        Transmutation/Earth          4
   e - Lee's Rapid Deconstruction     Earth                        5
Comestibles
 d - a bread ration
 f - a meat ration
 k - 5 chunks of flesh


   Skills:
 + Level 0.6 Fighting
 + Level 0.6 Short Blades
 + Level 0.6 Long Blades
 + Level 0.6 Axes
 + Level 0.6 Maces & Flails
 + Level 0.6 Polearms
 + Level 0.6 Staves
 + Level 0.6 Slings
 + Level 0.6 Bows
 + Level 0.6 Crossbows
 + Level 0.6 Throwing
 + Level 0.6 Armour
 + Level 4.5 Dodging
 + Level 4.1 Stealth
 + Level 0.6 Shields
 + Level 0.6 Unarmed Combat
 + Level 5.0 Spellcasting
 + Level 0.6 Conjurations
 + Level 0.6 Hexes
 + Level 0.6 Charms
 + Level 0.6 Summonings
 + Level 0.6 Necromancy
 + Level 0.6 Translocations
 + Level 2.5 Transmutations
 + Level 0.6 Fire Magic
 + Level 0.6 Ice Magic
 + Level 0.6 Air Magic
 + Level 6.5 Earth Magic
 + Level 0.6 Poison Magic
 + Level 0.6 Invocations
 + Level 0.6 Evocations


You had 9 spell levels left.
You knew the following spells:

 Your Spells              Type           Power        Failure   Level  Hunger
a - Sandblast             Erth           ####..       1%          1    None
b - Passwall              Tmut/Erth      ###.......   3%          2    #......


Dungeon Overview and Level Annotations

Branches:
Dungeon (3/15)

Altars:


Innate Abilities, Weirdness & Mutations

Your experience applies equally to all skills.
You have very sharp teeth.
Your uncanny sense of smell can sniff out nearby items.


Message History

The blast of sand hits the quokka.
You kill the quokka!
Your Spellcasting skill increases to level 5!
b - 14 stones
There is a stone staircase leading up here.
You climb upwards.
A worm comes into view.
Found a fizzy grey potion.
There is a stone staircase leading down here.
You see here a fizzy grey potion {!q}.
j - 2 fizzy grey potions {!q} (gained 1)
The worm bites you.
Found 5 tomahawks.
Casting: Sandblast
Confirm with . or Enter, or press ? or * to list all spells.
Aiming: Sandblast
Press: ? - help, Shift-Dir - straight line, f - worm
Aim: a worm The blast of sand hits the worm.
The worm is severely wounded.
b - 13 stones
Casting: Sandblast
Confirm with . or Enter, or press ? or * to list all spells.
Aiming: Sandblast
Press: ? - help, Shift-Dir - straight line, f/p - worm
Aim: a worm (severely wounded)
The blast of sand hits the worm.
You kill the worm!
b - 12 stones No target in view!
You see here a worm corpse.
You butcher the worm corpse.
k - 5 chunks of flesh (gained 2)
There is a stone staircase leading down here.
You climb downwards.
You hear the sound of rushing water.
There is an entrance to a sewer on this level.
Hurry and find it before the portal rusts away!
There is a stone staircase leading up here.
Found 21 arrows.
A goblin comes into view.
You see here 21 arrows.
A goblin is nearby!
The goblin shouts!
Casting: Sandblast
Confirm with . or Enter, or press ? or * to list all spells.
Aiming: Sandblast
Press: ? - help, Shift-Dir - straight line, f - goblin
Aim: a goblin The blast of sand hits the goblin.
You kill the goblin!
b - 11 stones Unknown command.
A goblin comes into view.
The goblin shouts!
The goblin wields a hunting sling.
The goblin shoots a stone.
The stone hits you.
* * * LOW HITPOINT WARNING * * *
Found a green potion.
You see here a stone.
The goblin shoots a stone.
The stone hits you.
* * * LOW HITPOINT WARNING * * *
You see here a stone.
The goblin shoots a stone.
The stone hits you.
You die...

### #########
#.### .........
..... ........#
#†#.# .≈≈≈≈...#
#.#.###
.≈≈≈≈≈.@#
#.#...
.≈≈≈≈≈..###.#.#
.≈≈....((.....#
.≈......###.#.#
#..# ≈....⌠..#
#.#(# #..#
..##....# #.#.#
#..# # ##....
..#.####..#
!..g#
###...##..#
.....#
##...<...#


You could see a goblin.

Vanquished Creatures
  An adder (D:2)
  2 worms
  4 goblins
  4 hobgoblins
  2 quokkas (D:3)
  A bat (D:2)
  A frilled lizard (D:3)
  2 rats (D:1)
17 creatures vanquished.

Vanquished Creatures (others)
  A bush (D:3)
1 creature vanquished.

Grand Total: 18 creatures vanquished

Notes
Turn   | Place    | Note
-------+----------+-------------------------------------------
     0 | D:1      | Amnesiac the Gnoll Earth Elementalist began the quest for the Orb.
     0 | D:1      | Reached XP level 1. HP: 13/13 MP: 6/6
   196 | D:2      | Reached XP level 2. HP: 20/20 MP: 7/7
   212 | D:2      | Learned a level 2 spell: Passwall
   375 | D:3      | Reached XP level 3. HP: 18/25 MP: 6/9
   376 | D:3      | Reached skill level 5 in Spellcasting
   414 | D:3      | Shot with a stone by a goblin

Vault maps used:
D:1:      dpeg_arrival_short_road, serial_bayou_pond_b
D:2:      overflow_temple_1_default, chequers_ecumenical_altar_simple,
          minmay_splitting_lines
D:3:      kiku_gazebo_pond_becter, first_bread, serial_forest,
          infiniplex_forest_end_3, infiniplex_forest_clump_large,
          infiniplex_forest_lined_corner, infiniplex_forest_clump_curved,
          infiniplex_forest_clump_curved, infiniplex_forest_corner_1,
          infiniplex_forest_clump_double, portal_sewer_entry_e

Skill      XL: |  1  2  3 |
---------------+----------+-----
Spellcasting   | 5 |  5.0
Fighting       | |  0.6
Short Blades   | |  0.6
Long Blades    | |  0.6
Axes           | |  0.6
Maces & Flails | |  0.6
Polearms       | |  0.6
Staves         | |  0.6
Slings         | |  0.6
Bows           | |  0.6
Crossbows      | |  0.6
Throwing       | |  0.6
Armour         | |  0.6
Dodging        | |  4.5
Stealth        | |  4.1
Shields        | |  0.6
Unarmed Combat | |  0.6
Conjurations   | |  0.6
Hexes          | |  0.6
Charms         | |  0.6
Summonings     | |  0.6
Necromancy     | |  0.6
Translocations | |  0.6
Transmutations | |  2.5
Fire Magic     | |  0.6
Ice Magic      | |  0.6
Air Magic      | |  0.6
Earth Magic    | |  6.5
Poison Magic   | |  0.6
Invocations    | |  0.6
Evocations     | |  0.6

Action                   || total
-------------------------++-------
Melee: Dagger            ||    20
 Cast: Sandblast         ||    19
 Stab: Sleeping          ||     2
Armor: Robe              ||     1
Dodge: Dodged            ||    13

Table legend:
 A = Spawn XP
 B = Non-spawn XP
 C = Spawn XP percentage of total XP
 D = Spawn monster count
 E = Non-spawn monster count
 F = Spawn count percentage of total count
 G = Total turns spent on level
                    A         B        C        D         E        F      G
               +---------+---------+-------+---------+---------+-------+---------
         Total |       0 |      46 |   0.0 |       0 |      17 |   0.0 |   414
               +---------+---------+-------+---------+---------+-------+---------
           D:1 |       0 |       9 |   0.0 |       0 |       6 |   0.0 |   194
           D:2 |       0 |      21 |   0.0 |       0 |       4 |   0.0 |    53
           D:3 |       0 |      16 |   0.0 |       0 |       7 |   0.0 |   167
               +---------+---------+-------+---------+---------+-------+---------
